[Event "Titled Tuesday Blitz November 08 Late 2022"]
[White "Prem, Pranav"]
[Black "Sohal, Tanraj"]
[WhiteFideId "30901057"]
[BlackFideId "2608499"]
[WhiteElo "1970"]
[BlackElo "2200"]
[Result "0-1"]
[Round "02"]
[TimeControl "180+1"]
[Date "2022.11.09"]
[WhiteClock "0:00:12"]
[BlackClock "0:00:12"]

1. d4 Nf6 2. c4 g6 3. Nc3 Bg7 4. e4 O-O 5. Nf3 c5 6. d5 d6 7. Be2 Bg4 8. O-O a6 9. Be3 Nbd7 10. Nd2 Bxe2 11. Qxe2 h5 12. h3 b5 13. cxb5 axb5 14. Nxb5 Ne5 15. f4 Ned7 16. a4 Ne8 17. Nc4 Nc7 18. Ra3 Na6 19. Bd2 Nb4 20. Bc3 Nf6 21. f5 Rb8 22. Bxb4 cxb4 23. Rg3 h4 24. Rgf3 g5 25. Na7 Ra8 26. Nc6 Qe8 27. b3 Nh5 28. Rc1 Bf6 29. Nb6 Kg7 30. Nxa8 Qxa8 31. Qb5 Ng3 32. a5 Nxe4 33. Qxb4 Ng3 34. Qb5 Qc8 35. a6 Nxf5 36. Qc4 Ng3 37. b4 Qc7 38. Qb5 Bd4+ 39. Kh2 Be5 40. Rxg3 hxg3+ 41. Kg1 Bf4 42. Rc3 Qd7 43. Qd3 e5 44. a7 g4 45. Qe2 gxh3 46. gxh3 Qxh3 47. Qg2 Qg4 48. a8=Q Rxa8 49. b5 Ra1+ 50. Qf1 Rxf1+ 51. Kxf1 Qd1+ 52. Kg2 Qd2+ 53. Kf3 Qxc3+ 54. Kg4 g2 55. Kf5 g1=Q 56. Ne7 Qg6+ 57. Nxg6 fxg6+ 58. Ke6 Qc8+ 59. Kxd6 Qb8+ 60. Kc5 e4 61. d6 Bxd6+ 62. Kd5 Bc7 63. Kxe4 Qxb5 64. Kd4 Qe5+ 65. Kd3 Bd6 0-1


[Site "https://www.chess.com"]

[Event "Titled Tuesday Blitz November 08 Late 2022"]
[White "Preotu, Razvan"]
[Black "Korkmaz, Necmettin"]
[WhiteFideId "2613280"]
[BlackFideId "6303285"]
[WhiteElo "2407"]
[BlackElo "2094"]
[Result "1-0"]
[Round "02"]
[TimeControl "180+1"]
[Date "2022.11.09"]
[WhiteClock "0:00:16"]
[BlackClock "0:00:09"]

1. e4 e6 2. d4 d5 3. Nc3 Nf6 4. e5 Nfd7 5. f4 c5 6. Nf3 Nc6 7. Be3 Qb6 8. Na4 Qa5+ 9. c3 cxd4 10. b4 Nxb4 11. cxb4 Bxb4+ 12. Bd2 Bxd2+ 13. Nxd2 b6 14. Kf2 O-O 15. Nf3 f6 16. Qxd4 fxe5 17. fxe5 Nxe5 18. Qxe5 Qxa4 19. Bd3 Bd7 20. Rhc1 Rf6 21. Kg1 Qg4 22. Qg3 Qxg3 23. hxg3 Be8 24. Ne5 Bg6 25. Bxg6 hxg6 26. Rc7 Rf5 27. Nxg6 Kh7 28. Nf4 Re8 29. Re1 d4 30. Rxe6 Rxe6 31. Nxe6 Rd5 32. Rxg7+ Kh6 33. g4 Ra5 34. g5+ Kh5 35. Nxd4 Kg4 36. g6 Rxa2 37. Kh2 Ra5 38. Rh7 Rg5 39. g7 Kf4 40. Ne6+ Kf5 41. Nxg5 Kxg5 42. g8=Q+ 1-0


[Site "https://www.chess.com"]

[Event "Titled Tuesday Blitz November 08 Late 2022"]
[White "Przybylski, Wojciech"]
[Black "Kekic, Armin"]
[WhiteFideId "1117599"]
[BlackFideId "14401274"]
[WhiteElo "2221"]
[BlackElo "2132"]
[Result "1-0"]
[Round "02"]
[TimeControl "180+1"]
[Date "2022.11.09"]
[WhiteClock "0:00:05"]
[BlackClock "0:00:07"]

1. e4 e6 2. d4 d5 3. Nc3 Bb4 4. e5 Qd7 5. Qg4 Bf8 6. a3 b6 7. Bb5 c6 8. Ba4 Ba6 9. Nf3 h5 10. Qg3 Nh6 11. Bxh6 Rxh6 12. h4 Bb5 13. Nxb5 cxb5 14. Bb3 Nc6 15. c3 a5 16. Ng5 Be7 17. Qf3 Bd8 18. Bc2 Rh8 19. Bd3 Na7 20. b4 g6 21. O-O Bxg5 22. hxg5 a4 23. Qe2 Kf8 24. Rac1 Kg7 25. Rfe1 Rac8 26. Qd2 Rc7 27. Re3 Rhc8 28. Be2 Rc6 29. Rh3 Qe7 30. Qe3 Rh8 31. Rf3 Rc4 32. Qf4 Rhc8 33. g4 hxg4 34. Re3 Rh8 35. Bxc4 bxc4 36. Ra1 Rh5 37. Qf6+ Qxf6 38. gxf6+ Kh6 39. Rg3 Nb5 40. Kg2 Kg5 41. f3 Rh4 42. Rh1 Rxh1 43. Kxh1 Nxa3 44. Rxg4+ Kh5 45. Kg2 Nc2 46. Kh3 g5 47. f4 gxf4 48. Rg7 a3 49. Rxf7 Nxb4 50. Ra7 Nc6 51. Rxa3 Kg6 52. Ra6 Na5 53. Rxb6 Nb3 54. Rxe6 Nd2 55. Re7 f3 56. Kg3 Kf5 57. f7 Ke4 58. f8=Q Ke3 59. Qf4+ Ke2 60. Qxd2+ Kxd2 61. Kxf3 Kxc3 62. Rc7 Kxd4 63. e6 1-0


[Site "https://www.chess.com"]

[Event "Titled Tuesday Blitz November 08 Late 2022"]
[White "Putnam, Liam"]
[Black "Nakamura, Hikaru"]
[WhiteFideId "30938279"]
[BlackFideId "2016192"]
[WhiteElo "2082"]
[BlackElo "2909"]
[Result "0-1"]
[Round "02"]
[TimeControl "180+1"]
[Date "2022.11.08"]
[WhiteClock "0:00:13"]
[BlackClock "0:01:54"]

1. e4 g6 2. d4 Bg7 3. Nc3 a6 4. Be3 b5 5. h4 d6 6. h5 Bb7 7. f3 Nf6 8. h6 Bf8 9. Qd2 e6 10. g4 Be7 11. a4 b4 12. Nce2 a5 13. c3 Na6 14. Nf4 O-O 15. Bd3 e5 16. Nfe2 bxc3 17. bxc3 exd4 18. Nxd4 Nc5 19. Bc2 Nfd7 20. Nge2 Ne5 21. Bf2 Bg5 22. f4 Nc4 23. Qd1 Nxe4 24. fxg5 Nxg5 25. Rh2 c5 26. Qd3 Ne5 27. Qb5 Ba6 28. Nc6 Bxb5 29. Nxd8 Nef3+ 30. Kd1 Bxe2+ 31. Kxe2 Re8+ 32. Be3 Nxh2 33. Nc6 Nxg4 0-1


[Site "https://www.chess.com"]

[Event "Titled Tuesday Blitz November 08 Late 2022"]
[White "Ramirez, Maria Eugenia"]
[Black "Ladan, Nicholas"]
[WhiteFideId "3301680"]
[BlackFideId "30918855"]
[WhiteElo "1941"]
[BlackElo "2167"]
[Result "0-1"]
[Round "02"]
[TimeControl "180+1"]
[Date "2022.11.09"]
[WhiteClock "0:00:06"]
[BlackClock "0:00:05"]

1. e4 e5 2. Nf3 Nc6 3. Nc3 Nf6 4. Bb5 Nd4 5. Bc4 Bc5 6. d3 O-O 7. O-O Nxf3+ 8. Qxf3 h6 9. Be3 d6 10. h3 Nh7 11. Rad1 Qh4 12. d4 exd4 13. Bxd4 Ng5 14. Qg3 Qxg3 15. fxg3 Bxd4+ 16. Rxd4 Be6 17. h4 Bxc4 18. Rxc4 Ne6 19. Nd5 c6 20. Ne7+ Kh7 21. Nf5 Rad8 22. Rc3 g6 23. Ne3 Nc5 24. Rf4 Kg7 25. b4 Ne6 26. Rf2 Rfe8 27. Ng4 Nd4 28. Re3 h5 29. Nh2 Nf5 30. Ra3 Rxe4 31. Rxa7 Rxb4 32. Nf3 Re8 33. Kh2 Rb1 34. c3 d5 35. Nd4 Ree1 36. Nxf5+ gxf5 37. g4 fxg4 38. Kg3 Re3+ 39. Kf4 Rxc3 40. Kg5 Re3 41. Kxh5 Re4 42. g3 Rb5 43. Rf5 f6 44. Ra8 Re5 45. Kxg4 Rb4+ 46. Rf4 Ree4 47. Re8 Rxf4+ 48. gxf4 d4 49. Rd8 c5 50. Rd7+ Kf8 51. Kf5 Rb6 52. h5 Ke8 53. Rd5 Rc6 54. h6 Rc7 55. a4 c4 56. Kxf6 d3 57. Kg6 c3 58. Rxd3 c2 59. Re3+ Kf8 60. h7 Rxh7 61. Rc3 Rh2 62. f5 Ke7 63. Re3+ Kd6 64. Rc3 Rg2+ 65. Kf7 Ke5 66. f6 Rf2 67. Rc5+ Kd4 68. Rc7 Ke5 69. Kg7 Rxf6 70. Rxc2 Ra6 71. Re2+ Kd6 72. Rd2+ Kc5 73. Rc2+ Kb6 74. Rb2+ Kc7 75. Rb5 Rxa4 76. Rc5+ Kb6 77. Rg5 Rf4 78. Rg6+ Ka5 79. Kh6 b5 80. Kg5 Rf1 81. Re6 b4 82. Re3 Ka4 83. Kg4 b3 84. Re2 Ka3 85. Kg3 b2 86. Kg2 Rf8 87. Re3+ Ka2 88. Re4 b1=Q 0-1


[Site "https://www.chess.com"]

[Event "Titled Tuesday Blitz November 08 Late 2022"]
[White "Rasulov, Vugar"]
[Black "Kim, Sergey"]
[WhiteFideId "13402390"]
[BlackFideId "13700570"]
[WhiteElo "2509"]
[BlackElo "2579"]
[Result "1-0"]
[Round "02"]
[TimeControl "180+1"]
[Date "2022.11.08"]
[WhiteClock "0:01:24"]
[BlackClock "0:01:28"]

1. e4 e5 2. Nf3 Nc6 3. Bb5 a6 4. Ba4 Nf6 5. O-O b5 6. Bb3 Bc5 7. c3 d6 8. a4 Bb7 9. d4 Bb6 10. Bg5 h6 11. Bxf6 Qxf6 12. Bd5 O-O 13. Na3 exd4 14. cxd4 b4 15. Nc4 Ba7 16. Rc1 Nd8 17. Bxb7 Nxb7 18. Ne3 Qd8 19. Qd3 Na5 20. Rfd1 c5 21. Nf5 Qf6 22. Qxa6 Nb3 23. Rc2 Nxd4 24. N3xd4 cxd4 25. Qxd6 Qxd6 26. Nxd6 Rfd8 27. Nb5 Bb6 28. b3 Rac8 29. Rxc8 Rxc8 30. g3 Rc2 31. Rd3 Rb2 32. Kg2 f6 33. Kf3 Kf7 34. Nd6+ Ke6 35. Nc4 1-0


[Site "https://www.chess.com"]

[Event "Titled Tuesday Blitz November 08 Late 2022"]
[White "Reprintsev, Alexander"]
[Black "chess50years"]
[WhiteFideId "14100541"]
[WhiteElo "2230"]
[BlackElo "2097"]
[Result "1-0"]
[Round "02"]
[TimeControl "180+1"]
[Date "2022.11.09"]
[WhiteClock "0:00:11"]
[BlackClock "0:00:03"]

1. e4 c6 2. Nc3 d5 3. Nf3 Bg4 4. h3 Bxf3 5. Qxf3 e6 6. b3 Nf6 7. e5 Nfd7 8. Qg3 a6 9. Bb2 c5 10. f4 Nc6 11. h4 h5 12. O-O-O Ne7 13. Bd3 g6 14. Qf3 Nf5 15. Rde1 Nb6 16. g4 hxg4 17. Qxg4 Rxh4 18. Qg2 Rxh1 19. Rxh1 Qd7 20. a4 Qc7 21. a5 Nd7 22. Bxf5 gxf5 23. Rh7 c4 24. Qg8 Nc5 25. bxc4 d4 26. Ne2 d3 27. Nd4 dxc2 28. Kxc2 O-O-O 29. Qxf7 Qxf7 30. Rxf7 Na4 31. Ba1 Bc5 32. Nxe6 Rh8 33. Nxc5 Nxc5 34. Rxf5 Rh1 35. Bc3 Ne4 36. Rf7 Rh2 37. e6 Nxc3 38. Kxc3 Kd8 39. f5 Rf2 40. d4 Rf3+ 41. Kb4 Ke8 42. Kc5 Rf2 43. Kd6 Rd2 44. d5 Rd4 45. Rxb7 Rxc4 46. Rb8+ 1-0


[Site "https://www.chess.com"]

[Event "Titled Tuesday Blitz November 08 Late 2022"]
[White "Ribeiro, Matheus Mendes Domingues"]
[Black "Urazayev, Arystanbek"]
[WhiteFideId "324226923"]
[BlackFideId "13709810"]
[WhiteElo "2572"]
[BlackElo "2844"]
[Result "0-1"]
[Round "02"]
[TimeControl "180+1"]
[Date "2022.11.09"]
[WhiteClock "0:00:01"]
[BlackClock "0:00:21"]

1. c4 Nf6 2. Nc3 g6 3. e4 d6 4. d4 Bg7 5. h3 e5 6. dxe5 dxe5 7. Qxd8+ Kxd8 8. Bg5 h6 9. Bxf6+ Bxf6 10. O-O-O+ Ke8 11. Nf3 c6 12. Be2 Na6 13. Kc2 Nc5 14. b4 Ne6 15. Rd2 Bd7 16. Rhd1 Rd8 17. c5 Nd4+ 18. Nxd4 exd4 19. Rxd4 Bxd4 20. Rxd4 Be6 21. Rxd8+ Kxd8 22. a4 g5 23. Bd3 Ke7 24. Ne2 Kf6 25. Kc3 Ke5 26. Nd4 Rd8 27. Nf3+ Kf4 28. Nd4 Ke5 29. Nf3+ Kf6 30. Nd4 Bd7 31. b5 h5 32. Nf3 g4 33. hxg4 hxg4 34. e5+ Ke7 35. Nd4 Rh8 36. b6 axb6 37. cxb6 c5 38. Nf5+ Bxf5 39. Bxf5 Ra8 40. Kb3 Ra6 41. Kc4 Rxb6 42. Kxc5 Rb2 43. Bxg4 Rxf2 44. Bf3 Rb2 45. Bd5 Kf8 46. a5 Ke7 47. Bf3 Ke6 48. Bd5+ Kxe5 49. Bxf7 Rxg2 50. Kb6 Rb2+ 51. Ka7 Kd6 52. Bc4 Kc7 53. a6 b5 54. Bd5 b4 55. Ka8 Rd2 56. Bc4 Rd4 57. Bf7 Kb6 58. Bd5 Rxd5 59. Kb8 Rd8# 0-1


[Site "https://www.chess.com"]

[Event "Titled Tuesday Blitz November 08 Late 2022"]
[White "Ristic, Nebojsa B"]
[Black "Gareyev, Timur"]
[WhiteFideId "935468"]
[BlackFideId "14200937"]
[WhiteElo "2555"]
[BlackElo "2812"]
[Result "0-1"]
[Round "02"]
[TimeControl "180+1"]
[Date "2022.11.09"]
[WhiteClock "0:00:10"]
[BlackClock "0:00:25"]

1. d4 Nf6 2. Bf4 b6 3. Nf3 Bb7 4. e3 d6 5. Nbd2 Nbd7 6. h3 g6 7. Be2 Bg7 8. c3 c5 9. O-O O-O 10. a4 a6 11. Bh2 Bc6 12. Qb3 Qc7 13. Rfc1 Rfb8 14. Qd1 Qb7 15. Qf1 b5 16. axb5 axb5 17. Rxa8 Rxa8 18. Ra1 Rxa1 19. Qxa1 c4 20. Qa5 Nb6 21. Ne1 Nfd7 22. Bf3 d5 23. b3 e6 24. Bd6 Bf6 25. Nc2 Nc8 26. Bf4 Qb6 27. Qxb6 Ndxb6 28. Nb4 Bb7 29. bxc4 bxc4 30. e4 Be7 31. Na2 Nd6 32. e5 Nb5 33. Bd1 Ba3 34. Nb1 Bb2 35. Bc1 Ba1 36. Kf1 Bc6 37. Ke2 Bd7 38. Kd2 Nc7 39. Ba3 Ba4 40. Bxa4 Nxa4 41. Kc2 Nb5 42. Bb4 h5 43. Na3 Naxc3 44. Bxc3 Nxa3+ 45. Kc1 Nb5 46. Bxa1 f6 47. exf6 Kf7 48. Kd2 Kxf6 49. Ke3 Kf5 50. Nc3 Na3 51. Ne2 Nc2+ 52. Kd2 Nxa1 53. f3 Nb3+ 54. Kc3 e5 55. dxe5 Kxe5 56. g4 h4 57. Kc2 Nd4+ 58. Nxd4 Kxd4 59. f4 Ke4 60. f5 gxf5 61. g5 Ke5 62. g6 Kf6 63. g7 Kxg7 0-1


[Site "https://www.chess.com"]

[Event "Titled Tuesday Blitz November 08 Late 2022"]
[White "Rodriguez Fontecha, Marcos"]
[Black "Cabarkapa, Novak"]
[WhiteFideId "2256576"]
[BlackFideId "943746"]
[WhiteElo "2540"]
[BlackElo "2778"]
[Result "0-1"]
[Round "02"]
[TimeControl "180+1"]
[Date "2022.11.09"]
[WhiteClock "0:00:03"]
[BlackClock "0:00:34"]

1. d4 Nf6 2. Nf3 g6 3. Bf4 Bg7 4. Nc3 d5 5. Qd2 O-O 6. Bh6 Ne4 7. Nxe4 dxe4 8. Bxg7 Kxg7 9. Ne5 c5 10. O-O-O f6 11. Nc4 b5 12. Na3 a6 13. dxc5 Qc7 14. Qd4 Nc6 15. Qxe4 Bf5 16. Qf3 Rad8 17. Rxd8 Rxd8 18. e3 Nb4 19. e4 Qd7 20. Bxb5 Qd2+ 21. Kb1 Bxe4 22. Qe3 Qxe3 23. fxe3 axb5 24. Nxb5 Nxc2 25. Nc3 Bd3 26. Kc1 Nxe3 27. Re1 Nxg2 28. Rxe7+ Kh6 29. c6 f5 30. c7 Rc8 31. Nd5 f4 32. Nb6 f3 33. Nxc8 f2 34. Rf7 Bf5 35. Rxf5 gxf5 36. Nd6 f1=Q+ 37. Kc2 Ne3+ 38. Kd2 Nc4+ 39. Kc3 Nxd6 0-1


[Site "https://www.chess.com"]

[Event "Titled Tuesday Blitz November 08 Late 2022"]
[White "Rose, Felix"]
[Black "Ozates, Tuna"]
[WhiteFideId "5105722"]
[BlackFideId "6354521"]
[WhiteElo "2039"]
[BlackElo "2151"]
[Result "1-0"]
[Round "02"]
[TimeControl "180+1"]
[Date "2022.11.09"]
[WhiteClock "0:02:42"]
[BlackClock "0:02:10"]

1. e4 c6 2. d4 d5 3. e5 Bf5 4. h4 h6 5. g4 Bh7 6. e6 fxe6 7. Bd3 Bxd3 8. Qxd3 Nf6 9. Nf3 Qd6 10. Ne5 Ne4 11. f3 1-0


[Site "https://www.chess.com"]

[Event "Titled Tuesday Blitz November 08 Late 2022"]
[White "Rosen, Eric"]
[Black "Swiercz, Dariusz"]
[WhiteFideId "2032562"]
[BlackFideId "1126881"]
[WhiteElo "2362"]
[BlackElo "2627"]
[Result "0-1"]
[Round "02"]
[TimeControl "180+1"]
[Date "2022.11.08"]
[WhiteClock "0:00:13"]
[BlackClock "0:01:10"]

1. d4 Nf6 2. Bf4 d6 3. Nc3 Nc6 4. Nf3 g6 5. Qd2 Bg7 6. Bh6 O-O 7. Bxg7 Kxg7 8. e4 e5 9. O-O-O Bg4 10. d5 Bxf3 11. gxf3 Nd4 12. f4 Nh5 13. fxe5 dxe5 14. h4 Qf6 15. Be2 Nf4 16. h5 h6 17. hxg6 fxg6 18. Rdg1 c6 19. dxc6 bxc6 20. Bc4 Rad8 21. Qe3 a5 22. Kb1 Qe7 23. a3 Rb8 24. Kc1 Rfd8 25. Ne2 Ndxe2+ 26. Bxe2 Qf7 27. Bh5 Qa2 28. Qa7+ Kh8 0-1


[Site "https://www.chess.com"]

[Event "Titled Tuesday Blitz November 08 Late 2022"]
[White "Roux, Baptiste"]
[Black "Baskakov, Egor"]
[WhiteFideId "36017450"]
[BlackFideId "24197866"]
[WhiteElo "2077"]
[BlackElo "2211"]
[Result "0-1"]
[Round "02"]
[TimeControl "180+1"]
[Date "2022.11.09"]
[WhiteClock "0:00:13"]
[BlackClock "0:01:40"]

1. e4 c5 2. Nf3 Nf6 3. Nc3 d5 4. e5 Ne4 5. d3 Nxc3 6. bxc3 Nc6 7. Bf4 g6 8. Be2 Bg7 9. O-O O-O 10. Rb1 b6 11. d4 Na5 12. Qd2 Nc4 13. Bxc4 dxc4 14. d5 Bb7 15. Rfd1 Qd7 16. Ng5 Qf5 17. Re1 Rad8 18. d6 h6 19. Nh3 g5 20. Bg3 exd6 21. exd6 Rd7 22. f3 Rfd8 23. Rbd1 Bf8 24. Nf2 Qg6 25. Ng4 Bxd6 26. Bxd6 Rxd6 27. Re8+ Rxe8 28. Qxd6 Re1+ 29. Kf2 Re6 30. Qd8+ Kg7 31. Rd2 h5 32. Ne3 g4 33. f4 Be4 34. Nxc4 h4 35. Ne5 g3+ 36. hxg3 Qxg3+ 37. Kf1 Qxf4+ 38. Nf3 Bxf3 39. Rf2 Qc1+ 0-1


[Site "https://www.chess.com"]

[Event "Titled Tuesday Blitz November 08 Late 2022"]
[White "Santos Flores, Alberto"]
[Black "Bach, Matthias"]
[WhiteFideId "3601234"]
[BlackFideId "4603168"]
[WhiteElo "2235"]
[BlackElo "2165"]
[Result "0-1"]
[Round "02"]
[TimeControl "180+1"]
[Date "2022.11.09"]
[WhiteClock "0:00:01"]
[BlackClock "0:00:17"]

1. e4 e5 2. Nf3 Nc6 3. Bc4 Nf6 4. d3 d6 5. Ng5 Be6 6. Bxe6 fxe6 7. Nxe6 Qd7 8. Nxf8 Rxf8 9. Nc3 O-O-O 10. O-O h6 11. f4 exf4 12. Bxf4 Ng4 13. h3 Nge5 14. Nd5 g5 15. Be3 g4 16. hxg4 Nxg4 17. Qe2 Nce5 18. d4 Nxe3 19. Qxe3 Ng4 20. Qe2 Qg7 21. c3 Qg5 22. Rxf8 Rxf8 23. Rf1 Rg8 24. Qf3 c6 25. Nf4 Rf8 26. Qg3 h5 27. Ne2 Rxf1+ 28. Kxf1 Qd2 29. Qe1 Ne3+ 30. Kf2 Nd1+ 31. Kf1 Ne3+ 32. Kf2 Ng4+ 33. Kf1 Qxb2 34. Nf4 Qxa2 35. Nxh5 Qc4+ 36. Kg1 Qd3 37. Nf4 Qc2 38. e5 Qf5 39. g3 dxe5 40. dxe5 Qxe5 41. Qd1 Qe3+ 42. Kg2 Ne5 43. Qh5 Qd2+ 44. Kh3 Qd7+ 45. Kg2 Nf7 46. Qg6 Nd8 47. Qf6 a5 48. Qd4 Qxd4 49. cxd4 a4 50. Nd3 a3 51. Nb4 Ne6 52. g4 Nxd4 53. g5 Kd7 54. g6 Ke6 55. Kf2 Kf6 56. Ke3 Nb5 57. Ke4 Kxg6 58. Ke5 Kf7 59. Na2 Ke7 60. Ke4 Kd7 61. Kd3 Kd6 62. Kc4 b6 63. Kb4 Kd5 64. Kb3 Kd4 65. Ka4 Kd3 66. Kb3 c5 67. Ka4 Kc4 68. Nc1 Nc3+ 69. Kxa3 b5 70. Kb2 b4 71. Nb3 Na4+ 72. Kc2 Kb5 73. Nd2 c4 74. Ne4 b3+ 75. Kb1 Kb4 76. Nd2 c3 77. Ne4 Ka3 78. Nf2 c2+ 79. Kc1 Nb2 80. Kd2 Ka2 81. Ne4 Nc4+ 0-1


[Site "https://www.chess.com"]

[Event "Titled Tuesday Blitz November 08 Late 2022"]
[White "Sebag, Marie"]
[Black "Ferriz Barrios, Andres"]
[WhiteFideId "617822"]
[BlackFideId "5104467"]
[WhiteElo "2440"]
[BlackElo "2260"]
[Result "1-0"]
[Round "02"]
[TimeControl "180+1"]
[Date "2022.11.09"]
[WhiteClock "0:01:04"]
[BlackClock "0:00:45"]

1. c4 f5 2. Nc3 e6 3. g3 Nf6 4. Bg2 Bb4 5. e3 O-O 6. Nge2 Qe8 7. O-O d6 8. d4 Nbd7 9. Nb5 Ba5 10. b4 Bb6 11. c5 a6 12. cxb6 axb5 13. bxc7 d5 14. a4 Nb6 15. a5 Nc4 16. Nc3 Bd7 17. f3 Bc6 18. Qe2 Qd7 19. Nd1 Qxc7 20. Nf2 b6 21. axb6 Qxb6 22. Rxa8 Rxa8 23. Nd3 Re8 24. Ne5 Nd7 25. f4 Ra8 26. g4 Ndxe5 27. fxe5 g6 28. gxf5 exf5 29. h4 Qd8 30. h5 Qg5 31. e4 Qd8 32. exf5 Ra7 33. Qg4 Rg7 34. f6 Ra7 35. hxg6 Qd7 36. gxh7+ Kxh7 37. Qh5+ Kg8 38. f7+ Qxf7 39. Rxf7 Re7 40. Qg6+ 1-0


[Site "https://www.chess.com"]

[Event "Titled Tuesday Blitz November 08 Late 2022"]
[White "Shahaliyev, Ismayil"]
[Black "Adury, Anant"]
[WhiteFideId "13406388"]
[BlackFideId "30964687"]
[WhiteElo "2306"]
[BlackElo "2190"]
[Result "1-0"]
[Round "02"]
[TimeControl "180+1"]
[Date "2022.11.09"]
[WhiteClock "0:00:09"]
[BlackClock "0:00:19"]

1. d4 Nf6 2. c4 e6 3. Nf3 Bb4+ 4. Nbd2 O-O 5. a3 Bxd2+ 6. Qxd2 Nc6 7. Qc2 d6 8. Bg5 h6 9. Bh4 a5 10. g4 e5 11. d5 Ne7 12. Bxf6 gxf6 13. Nh4 Kg7 14. e3 Ng6 15. Nf5+ Bxf5 16. Qxf5 c6 17. Bg2 Qb6 18. O-O Nh4 19. Qe4 Nxg2 20. Kxg2 c5 21. a4 Qc7 22. Rg1 Ra6 23. b3 Rb6 24. Rab1 Rb4 25. h4 Qb6 26. Kh3 Rxb3 27. Rxb3 Qxb3 28. g5 hxg5 29. hxg5 Rh8+ 30. Kg4 f5+ 31. Kxf5 Qxa4 32. Kg4 Qd7+ 33. Kf3 b5 34. cxb5 Qxb5 35. Qf5 Qc4 36. Qf6+ Kg8 37. Qxd6 Rh3+ 38. Rg3 Rxg3+ 39. Kxg3 a4 40. Qd8+ Kg7 41. Qf6+ Kg8 42. d6 Qd5 43. Qd8+ Kg7 44. Qf6+ Kg8 45. g6 fxg6 46. Qxg6+ Kf8 47. Qf6+ Ke8 48. Qe7# 1-0


[Site "https://www.chess.com"]

[Event "Titled Tuesday Blitz November 08 Late 2022"]
[White "Shapiro, Bryan"]
[Black "Goryachkina, Aleksandra"]
[WhiteFideId "2087740"]
[BlackFideId "4147103"]
[WhiteElo "1900"]
[BlackElo "2484"]
[Result "0-1"]
[Round "02"]
[TimeControl "180+1"]
[Date "2022.11.09"]
[WhiteClock "0:00:11"]
[BlackClock "0:00:39"]

1. d4 Nf6 2. c4 e6 3. Nf3 d5 4. Nc3 Nbd7 5. cxd5 exd5 6. Bg5 c6 7. Qc2 Be7 8. e3 Nh5 9. Bxe7 Qxe7 10. Be2 O-O 11. O-O g6 12. Rab1 a5 13. a3 Nb6 14. b3 Qxa3 15. Ne5 Ng7 16. f4 Bf5 17. Bd3 Bxd3 18. Qxd3 Qe7 19. Rbe1 Rfe8 20. Kh1 Nd7 21. Nf3 Nf6 22. Ne5 Nf5 23. Na4 Ne4 24. Nc3 Nfd6 25. Rf3 Nxc3 26. Qxc3 Ne4 27. Qc2 Qb4 28. Ra1 Qd2 29. Qxd2 Nxd2 30. Rh3 Nxb3 31. Rb1 a4 32. Nd7 Kg7 33. Nb6 Ra6 34. Nd7 a3 0-1


[Site "https://www.chess.com"]

[Event "Titled Tuesday Blitz November 08 Late 2022"]
[White "Shapiro, Daniel"]
[Black "Do Nascimento,Christian Almeida"]
[WhiteFideId "2001780"]
[BlackFideId "2143801"]
[WhiteElo "2293"]
[BlackElo "2079"]
[Result "0-1"]
[Round "02"]
[TimeControl "180+1"]
[Date "2022.11.09"]
[WhiteClock "0:00:02"]
[BlackClock "0:00:12"]

1. d4 Nf6 2. c4 e6 3. g3 d5 4. Nf3 Be7 5. Bg2 O-O 6. O-O dxc4 7. Ne5 Nbd7 8. Nxc4 Nb6 9. Na5 c6 10. Nc3 Nbd5 11. Nc4 Nxc3 12. bxc3 Bd7 13. Rb1 Rb8 14. Bf4 Ra8 15. Rxb7 Nd5 16. Ne5 Be8 17. Qd3 Nxf4 18. gxf4 Rc8 19. Rxa7 c5 20. d5 c4 21. Qd2 Bc5 22. Rb7 Kh8 23. Rd1 Ba4 24. Rdb1 Be8 25. e4 f6 26. Nf3 exd5 27. Qxd5 Qa5 28. Nd4 Qxa2 29. Ne6 Qxf2+ 30. Kh1 Bf7 31. Rxf7 Rxf7 32. Nxc5 Ra7 33. Ne6 Ra2 34. e5 fxe5 35. fxe5 h5 36. Rf1 Qd2 37. Qxd2 Rxd2 38. Nd4 Re8 39. e6 Rd3 40. Rc1 g6 41. Bd5 Kg7 42. Bxc4 Rd2 43. Be2 Kh6 44. Kg1 Re7 45. Kf2 Ra2 46. Ke3 g5 47. h3 g4 48. hxg4 h4 49. Bd3 Kg5 50. Rf1 Rg2 51. Rf5+ Kxg4 52. Rf7 Rg3+ 53. Ke4 Re8 54. e7 Rg1 55. Be2+ Kg3 56. Rg7+ Kf2 57. Rxg1 Kxg1 58. Nf5 h3 59. Bg4 h2 60. Bf3 Kf2 61. Bh1 Kg1 62. Bf3 Kf2 63. Nh4 Rxe7+ 64. Kf4 Rf7+ 65. Kg4 Rxf3 0-1


[Site "https://www.chess.com"]

[Event "Titled Tuesday Blitz November 08 Late 2022"]
[White "Silva, Caio Henrique Angelico"]
[Black "Leitao, Rafael"]
[WhiteFideId "22777210"]
[BlackFideId "2101246"]
[WhiteElo "1990"]
[BlackElo "2609"]
[Result "1/2-1/2"]
[Round "02"]
[TimeControl "180+1"]
[Date "2022.11.09"]
[WhiteClock "0:00:09"]
[BlackClock "0:00:32"]

1. Nf3 Nf6 2. g3 d5 3. Bg2 c6 4. O-O Bf5 5. d4 e6 6. c4 Nbd7 7. Nc3 Be7 8. Nd2 Kf8 9. e4 Kg8 10. exf5 exf5 11. cxd5 cxd5 12. Nxd5 Nxd5 13. Bxd5 Nb6 14. Bxb7 Rb8 15. Bg2 Qxd4 16. Nb3 Qf6 17. Qd4 Qxd4 18. Nxd4 Bf6 19. Nxf5 g6 20. Nh6+ Kf8 21. Ng4 Bg7 22. Bf4 Re8 23. Bd6+ Kg8 24. Rae1 Rd8 25. Be5 h5 26. Bxg7 Kxg7 27. Ne5 Rd2 28. Rb1 Rc8 29. Rfc1 Rxb2 30. Rxb2 Rxc1+ 31. Bf1 Re1 32. Nd3 Ra1 33. Kg2 Nc4 34. Rc2 Nb6 35. Be2 a5 36. Nc5 Nd5 37. Nb3 Re1 38. Bf3 Nb4 39. Re2 Ra1 40. Nxa5 Nd3 41. Nb3 Rb1 42. Be4 Ne1+ 43. Kf1 Nd3+ 44. Kg2 Ne1+ 45. Kh3 Rd1 46. a4 g5 47. f3 f5 48. Rxe1 g4+ 49. Kg2 Rxe1 50. Bd3 Re3 51. Nc5 Re5 52. Nb3 Re3 53. Nc5 Re5 54. Nb3 Re3 1/2-1/2


[Site "https://www.chess.com"]

[Event "Titled Tuesday Blitz November 08 Late 2022"]
[White "Sourath Biswas"]
[Black "Zhigalko, Sergei"]
[WhiteFideId "35091484"]
[BlackFideId "13502956"]
[WhiteElo "2164"]
[BlackElo "2662"]
[Result "1/2-1/2"]
[Round "02"]
[TimeControl "180+1"]
[Date "2022.11.08"]
[WhiteClock "0:00:19"]
[BlackClock "0:00:02"]

1. d4 Nf6 2. Bf4 e6 3. e3 d6 4. Nf3 b6 5. Bb5+ Nbd7 6. Bc6 Rb8 7. c4 Nh5 8. Bg5 Be7 9. Bxe7 Qxe7 10. d5 O-O 11. O-O Nhf6 12. Nc3 e5 13. a4 a5 14. Nb5 Nc5 15. Nd2 Bf5 16. f3 h6 17. e4 Bh7 18. Nb3 Nxb3 19. Qxb3 Nh5 20. Rae1 Kh8 21. Qc3 f5 22. exf5 Rxf5 23. c5 dxc5 24. g4 Rg5 25. h4 Rg6 26. Qxe5 Qxh4 27. Qxc7 Rxg4+ 28. fxg4 Qxg4+ 29. Kh2 Qh4+ 30. Kg1 Qg4+ 31. Kh2 Qh4+ 32. Kg1 Qg5+ 33. Kh2 Qh4+ 1/2-1/2


[Site "https://www.chess.com"]

[Event "Titled Tuesday Blitz November 08 Late 2022"]
[White "Storey, Charles H"]
[Black "Lopez Perdomo, Juan David"]
[WhiteFideId "406686"]
[BlackFideId "4405137"]
[WhiteElo "2252"]
[BlackElo "1965"]
[Result "1-0"]
[Round "02"]
[TimeControl "180+1"]
[Date "2022.11.09"]
[WhiteClock "0:01:35"]
[BlackClock "0:00:11"]

1. c4 c5 2. g3 Nc6 3. Bg2 g6 4. Nc3 Bg7 5. e4 Nd4 6. d3 e6 7. Nge2 Ne7 8. Nxd4 cxd4 9. Ne2 Nc6 10. O-O O-O 11. Bd2 b6 12. b4 Bb7 13. b5 Ne5 14. Bb4 Ng4 15. Bxf8 Qxf8 16. h3 Nh6 17. f4 Qc5 18. Kh2 d5 19. cxd5 exd5 20. e5 Nf5 21. Rc1 Qxb5 22. Rc7 Ne3 23. Qb1 Nxf1+ 24. Qxf1 Ba6 25. Nxd4 Qxd3 26. Qxd3 Bxd3 27. Bxd5 Rf8 28. Rxa7 Kh8 29. Bxf7 g5 30. Ne6 Rb8 31. Nxg7 gxf4 32. gxf4 Kxg7 33. Bc4+ Kh6 34. Bxd3 b5 35. Rxh7# 1-0


[Site "https://www.chess.com"]